AoeStats
← RedPhosphoru

Arabia

510203824Analyzed
1v1 RM · 1d ago on Sep 29, 2026· 23m 35s· 2 players
Game mode
Random Map
Map size
Tiny (2 player)
Population
200
Speed
Normal
Resources
Standard
Victory
Conquest
Starting age
Dark Age
Ending age
Imperial Age
RankedLock teamsTeams togetherTeam positionsShared explorationLock speedFull tech treeHidden civsTurbo modeCheats
Victory
Defeat
🇪🇬 Maya · Egypt
2180
+24
🇺🇸 Lithuanians · United States
2365
-24
Ghosty
0:26 Loom
10:55 Feudal Age
14:30 Castle Age
12:59 Double-Bit Axe
21:12 Atonement
23:51 Fervor
RedPhosphoru
7:36 Loom
10:12 Feudal Age
9:27 Loom
14:08 Castle Age
12:13 Double-Bit Axe
15:24 Fletching
20:47 Atonement
Connection lost

Rejoining the realm…

Still unreachable

The connection could not be restored.

Session expired

The server has moved on; the page needs a fresh start.